 Dungeon Sprint DCSS version 0.29.1-2-gbd0b4ee654 (webtiles) character file.

Game seed: 1743787270642684086

185 Groucho the Slasher (level 5, 0/73 HPs)
             Began as a Gnoll Cinder Acolyte on Nov 4, 2022.
             Was a High Priest of Ignis.
             Killed by divine providence
             ... invoked by an orc priest
              (12 damage)
             ... in the Dungeon (Sprint IX: "|||||||||||||||||||||||||||||").
             The game lasted 00:01:09 (48 turns).

Groucho the Slasher (Gnoll Cinder Acolyte)            Turns: 48, Time: 00:01:10

Health: 0/73       AC:  9    Str: 15    XL:     5   Next: 64%
Magic:  10/12      EV: 12    Int: 14    God:    Ignis [*****.]
Gold:   0          SH:  0    Dex:  7    Spells: 13/13 levels left

rFire   + . .      SeeInvis .   a - -1 falchion (flame)
rCold   . . .      Faith    .   (no shield)
rNeg    . . .      Spirit   .   b - +0 robe
rPois   .          Reflect  .   (no helmet)
rElec   .          Harm     .   (no cloak)
rCorr   .          Rampage  .   (no gloves)
Will    .....      NoTele   +   (no boots)
Stlth   ..........              (no amulet)
HPRegen 0.22/turn               (no ring)
MPRegen 0.13/turn               (no ring)

@: berserking (expiring), fiery-armoured, very quick
A: fangs 1, strong nose, distributed training
a: Renounce Religion, Fiery Armour, Foxfire Swarm, Rising Flame


You were in the Dungeon.
You worshipped Ignis.
Ignis was extremely pleased with you.
You visited 1 branch

Inventory:

Hand Weapons
 a - a -1 falchion of flaming (weapon)
Armour
 b - a +0 robe (worn)
Scrolls
 h - a scroll of blinking
Potions
 c - a potion of curing
 e - a potion of haste
 f - 2 potions of magic


   Skills:
 + Level 7.7 Fighting
 + Level 3.9 Short Blades
 + Level 7.7 Long Blades
 + Level 3.9 Axes
 + Level 3.9 Maces & Flails
 + Level 3.9 Polearms
 + Level 3.9 Staves
 + Level 3.9 Ranged Weapons
 + Level 3.9 Throwing
 + Level 3.9 Armour
 + Level 3.9 Dodging
 + Level 3.9 Stealth
 + Level 3.9 Shields
 + Level 3.9 Unarmed Combat
 + Level 4.9 Spellcasting
 + Level 3.2 Conjurations
 + Level 3.2 Hexes
 + Level 3.2 Summonings
 + Level 3.2 Necromancy
 + Level 3.2 Translocations
 + Level 3.2 Transmutations
 + Level 6.4 Fire Magic
 + Level 3.2 Ice Magic
 + Level 3.2 Air Magic
 + Level 3.2 Earth Magic
 + Level 3.2 Poison Magic
 + Level 4.3 Invocations
 + Level 3.9 Evocations


You had 13 spell levels left.
You didn't know any spells.
Your spell library contained the following spells:

 Spells                   Type           Power      Damage    Failure   Level
 Scorch                   Fire           42%        2d7       1%          2


Dungeon Overview and Level Annotations

Branches:
Dungeon (1/1)

Altars:


Innate Abilities, Weirdness & Mutations

You have very sharp teeth.
Your uncanny sense of smell can sniff out nearby items.
Your experience applies equally to all skills.


Message History

Your Throwing skill increases to level 3!
Your Armour skill increases to level 3!
Your Dodging skill increases to level 3!
Your Stealth skill increases to level 3!
Your Shields skill increases to level 3!
Your Unarmed Combat skill increases to level 3!
Your Spellcasting skill increases to level 4!
Your Conjurations skill increases to level 3!
Your Hexes skill increases to level 3!
Your Summonings skill increases to level 3!
Your Necromancy skill increases to level 3!
Your Translocations skill increases to level 3!
Your Transmutations skill increases to level 3!
Your Fire Magic skill increases to level 6!
Your Ice Magic skill increases to level 3!
Your Air Magic skill increases to level 3!
Your Earth Magic skill increases to level 3!
Your Poison Magic skill increases to level 3!
Your Invocations skill increases to level 4!
Your Evocations skill increases to level 3!
You have reached level 5!
Unknown command.
You slash the gnoll bouda! You burn the gnoll bouda.
The gnoll bouda is severely wounded.
The gnoll bouda barely misses you.
You closely miss the gnoll bouda. You bite the gnoll bouda!
You kill the gnoll bouda!
The orc priest miscasts a cantrip.
Items here: )) [ †.
Unknown command.
You closely miss the orc priest. You bite the orc priest.
The orc priest is moderately wounded.
The orc priest barely misses you.
You hit the orc priest. You burn the orc priest.
The orc priest is severely wounded.
You hit the orc priest. You burn the orc priest.
The orc priest is almost dead.
The orc priest mumbles some strange prayers to Beogh against you.
Beogh smites you!
You die...

∆ ∆
∆
▓+▓
∆
▓.▓
∆
▓.▓
∆
▓.▓
∆
▓o▓
∆
▓@▓
∆
▓'▓
∆
▓.▓
∆
▓.▓
▓.▓
▓.▓
▓)▓
▓'▓
▓.▓


You could see an orc priest.

Vanquished Creatures
  An ogre (D)
  A scorpion (D)
  A gnoll bouda (D)
  A white imp (D)
  2 endoplasms (D)
  A hobgoblin (D)
  A kobold (D)
  A rat (D)
9 creatures vanquished.

Notes
Turn   | Place    | Note
-------+----------+-------------------------------------------
     0 | D        | Groucho the Gnoll Cinder Acolyte began the quest for the
                  | Orb.
     0 | D        | Reached XP level 1. HP: 23/23 MP: 4/4
    21 | D        | Reached skill level 1 in Invocations
    23 | D        | Reached skill level 1 in Short Blades
    23 | D        | Reached skill level 1 in Axes
    23 | D        | Reached skill level 1 in Maces & Flails
    23 | D        | Reached skill level 1 in Polearms
    23 | D        | Reached skill level 1 in Staves
    23 | D        | Reached skill level 1 in Ranged Weapons
    23 | D        | Reached skill level 1 in Throwing
    23 | D        | Reached skill level 1 in Armour
    23 | D        | Reached skill level 1 in Dodging
    23 | D        | Reached skill level 1 in Stealth
    23 | D        | Reached skill level 1 in Shields
    23 | D        | Reached skill level 1 in Unarmed Combat
    23 | D        | Reached skill level 1 in Evocations
    28 | D        | Noticed an orc priest
    28 | D        | Noticed a gnoll bouda
    28 | D        | Noticed an ogre
    28 | D        | Noticed a scorpion
    32 | D        | Reached skill level 1 in Conjurations
    32 | D        | Reached skill level 1 in Hexes
    32 | D        | Reached skill level 1 in Summonings
    32 | D        | Reached skill level 1 in Necromancy
    32 | D        | Reached skill level 1 in Translocations
    32 | D        | Reached skill level 1 in Transmutations
    32 | D        | Reached skill level 1 in Ice Magic
    32 | D        | Reached skill level 1 in Air Magic
    32 | D        | Reached skill level 1 in Earth Magic
    32 | D        | Reached skill level 1 in Poison Magic
    32 | D        | Reached XP level 2. HP: 29/29 MP: 6/6
    36 | D        | Killed a scorpion
    37 | D        | Reached XP level 3. HP: 36/36 MP: 8/8
    37 | D        | Reached XP level 4. HP: 43/43 MP: 9/9
    42 | D        | Killed an ogre
    43 | D        | Reached XP level 5. HP: 10/48 MP: 10/12
    48 | D        | Killed from afar by an orc priest

Illustrated notes

Levels and vault maps discovered:
D:        linesprint [early_d, line_temple, items_1, d_10, items_2, lair_1,
          lair_end, items_3, orc_1, orc_end, items_4, d_15, swamp_1, shoals_1,
          snake_1, spider_1, d_20, vaults_1, items_5, swamp_end, shoals_end,
          snake_end, spider_end, vaults_end, d_27, items_6, zot_1, zot_end,
          crypt_end, forest_end, elf_end, slime_end, tomb_end, abyss_end,
          pan_hell_end]

Skill      XL: |  1  2  3  4 |
---------------+-------------+-----
Invocations    | 1 3 4 |  4.3
Short Blades   | 1 2 3 |  3.9
Axes           | 1 2 3 |  3.9
Maces & Flails | 1 2 3 |  3.9
Polearms       | 1 2 3 |  3.9
Staves         | 1 2 3 |  3.9
Ranged Weapons | 1 2 3 |  3.9
Throwing       | 1 2 3 |  3.9
Armour         | 1 2 3 |  3.9
Dodging        | 1 2 3 |  3.9
Stealth        | 1 2 3 |  3.9
Shields        | 1 2 3 |  3.9
Unarmed Combat | 1 2 3 |  3.9
Evocations     | 1 2 3 |  3.9
Spellcasting   | 3 4 |  4.9
Conjurations   | 1 2 3 |  3.2
Hexes          | 1 2 3 |  3.2
Summonings     | 1 2 3 |  3.2
Necromancy     | 1 2 3 |  3.2
Translocations | 1 2 3 |  3.2
Transmutations | 1 2 3 |  3.2
Ice Magic      | 1 2 3 |  3.2
Air Magic      | 1 2 3 |  3.2
Earth Magic    | 1 2 3 |  3.2
Poison Magic   | 1 2 3 |  3.2
Fighting       | 7 |  7.7
Long Blades    | 7 |  7.7
Fire Magic     | 6 |  6.4

Action                   |  1- 3 |  4- 6 || total
-------------------------+-------+-------++-------
Melee: Falchion          |    23 |    10 ||    33
       Bite              |     1 |     3 ||     4
Invok: Fiery Armour      |     1 |       ||     1
  Use: Potion            |     2 |       ||     2
Armor: Robe              |     5 |       ||     5
Dodge: Dodged            |     8 |     2 ||    10
